Yev-Ruu, chaotic female vampiric Convict ------------ |.%..%.%...+# ----- ------------- ##.........%.|# |....### |........{..-########0##|.%........|# |...| |....^......| ####----------%-# |...| |...........| # ## #####%_### |<..+# |.........^.| ### c# |%..|# |............# % # ##e -.-.-# --|----------# ### # ## ##### ## # # # ## # ## # #0## # # ################## ## # # --+-------# ### # ### |........|#######0 # # |.........####% -+---# ##.........| ####....|# ---------- # |....# ##...>| ----- Yev-Ruu the Outlaw Experience level: 14 Strength: 18/02 Dexterity: 11 Constitution: 20 Intelligence: 10 Wisdom: 11 Charisma: 9 Health: 157(158) Energy: 15(15) AC: -8 Gold: 0 Moves: 15164 Your Inventory: Armor p - an [uncursed] +0 blue and green shield [elven] (being worn) t - an uncursed +0 elven cloak (being worn) v - an uncursed +0 pair of gloves called Reg [leather] (being worn) G - an uncursed +1 elven mithril-coat (being worn) H - a blessed +1 helm of brilliance and warning (being worn) L - a blessed burnt +3 pair of speed boots (being worn) Tools a - an uncursed [+0] unicorn horn f - an uncursed bag of holding k - an uncursed skeleton key w - an uncursed looking glass [mirror] x - an uncursed expensive camera [0:51] F - an uncursed silver bell [(Bell of Opening) (0:3)] I - an uncursed blindfold M - a blessed [magic] lamp called Magic (lit) Gems A - an uncursed luckstone Iron balls c - the blessed rustproof Iron Ball of Liberation (chained to you) (weapon in hand) Contents of the bag of holding: 8062 gold pieces a [cursed -2] Hawaiian shirt a [cursed +0] pair of jackboots [of drain resistance (high)] an uncursed [+0] pair of riding gloves [gauntlets of power] an [uncursed] Hyper Futa Mare Dick named I missed you a [cursed] scroll labeled JUYED AWK YACC [of fire] a blessed scroll of confuse monster 2 uncursed scrolls of create monster a [blessed] scroll of create monster a [cursed] scroll of create monster an uncursed scroll of destroy armor an uncursed scroll of enchant armor 3 uncursed scrolls of enchant weapon an [uncursed] scroll of identify an [uncursed] scroll of light 2 [uncursed] scrolls of remove curse an uncursed scroll of scare monster an uncursed scroll of scare monster an uncursed scroll of stinking cloud a [cursed] scroll of teleportation an [uncursed] scroll of teleportation an [uncursed] unlabeled scroll [of blank paper] a [cursed] unlabeled scroll [of blank paper] a [blessed] unlabeled scroll [of blank paper] a cursed potion called acid [of acid] a cursed potion of full healing 2 uncursed potions of object detection 2 uncursed potions of oil a blessed potion of sleeping 2 uncursed potions of water an uncursed puce potion [of see invisible] an uncursed [+1] engagement ring [of gain strength] an [uncursed +2] glass ring [of gain intelligence] an uncursed porcelain ring [of shock resistance] an uncursed ring of fire resistance an [uncursed] wand called Tele [of teleportation (0:0)] an uncursed wand of digging (0:6) an [uncursed] wand of digging [0:5] an [uncursed] wand of digging [0:6] an [uncursed] wand of lightning [0:1] an [uncursed] wand of lightning [0:5] an [uncursed] wand of magic missile [0:5] an [uncursed] wand of magic missile [0:1] an [uncursed] wand of make invisible [0:4] an uncursed wand of striking [0:2] an [uncursed] wand of striking [0:2] an [uncursed] wand of striking [0:0] an uncursed bag called Sack [sack] an uncursed can of grease [0:19] 3 uncursed gems called Awoo [black opal] an uncursed gem called gud [obsidian] 3 uncursed gems called gud [emerald] 5 uncursed gems called gud [amethyst] an uncursed gem called gud [citrine] 3 uncursed gems called gud [ruby] 2 uncursed gems called gud [diamond] an [uncursed] gem called gud [jade] an uncursed touchstone Spells known in the end: Name Level Category Fail Memory a - detect treasure 4 divination 100% [|||.....] Your skills at the end: Fighting Skills body armor [Skilled / Skilled] shield [Basic / Basic] Weapon Skills flail [Expert / Expert] sling [Basic / Skilled] Spellcasting Skills Final Attributes: You were piously aligned. Hunger level was 621. Your alignment was 85 / 85. Monster difficulty range was 3 - 17. Level difficulty was 21. You were immune to poison. You were immune to level-drain. You were immune to sickness. You were magic-protected. You were punished. You were warned. You had automatic searching. You were invisible. You were displaced. You were stealthy. You could fly. You could survive without air. You regenerated. You were very fast. You were very lucky (7). You had extra luck. Bad luck did not time out for you. Good luck did not time out for you. You are dead. Vanquished creatures: Warden Arianna 2 iron golems a tatzelworm 2 sarkanies a minotaur 3 trappers a vampire lord a skeleton 5 prison guards 4 shopkeepers 6 lava demons 2 inmates 5 lurkers above an Aleax 3 black puddings 2 lieutenants 2 ghosts 2 queen bees a giant mimic a zruty a fire giant an Elvenking 4 large mimics a wumpus a baby long worm 2 long worms a stalker a fire elemental 4 earth elementals a giant mummy 5 xorns an elf-lord 13 sergeants a warg 7 small mimics 2 glass piercers 2 rodents of unusual size 2 warhorses 4 xans an ettin mummy 20 trolls 2 sasquatches a giant turtle a gelatinous cube a large dog a freezing sphere 2 flaming spheres 5 shocking spheres a large cat 2 tigers 5 tengu a leocrotta an energy vortex 3 mountain centaurs a stone giant a human mummy a pit viper a python 3 wraiths a leather golem 3 Grey-elves 26 soldiers 2 watchmen 4 incubi 32 giant beetles 7 wolves 11 winter wolf cubs a lynx a spotted jelly 27 leprechauns 3 orc-captains 2 iron piercers 16 giant spiders 2 scorpions 2 horses a black light 2 vampire bats 5 forest centaurs 2 gnome kings 2 orc mummies 5 dwarf mummies 2 yetis a gold golem 8 Green-elves 4 lizards 2 chickatrices a dog a dingo a housecat 2 jaguars 2 dwarf lords 2 blue jellies a white unicorn a gray unicorn a black unicorn 3 dust vortices 2 ravens a plains centaur 2 Kop Kaptains 2 gnome mummies 2 snakes 7 apes 7 human zombies 2 rope golems 11 soldier ants a fire ant 12 snow ants 14 bugbears 2 wood nymphs a water nymph 3 mountain nymphs a Mordor orc 16 Uruk-hai 6 rock piercers 4 enormous rats a rock mole 2 fog clouds 2 yellow lights 2 shriekers 3 violet fungi 20 gnome lords 3 gnomish wizards 2 Kop Lieutenants 6 kobold mummies a red naga hatchling a guardian naga hatchling 2 gray oozes a barrow wight 9 elf zombies 2 ghouls a straw golem 3 paper golems 5 giant ants a little dog 9 floating eyes 14 dwarves 3 kobold lords 3 kobold shamans a hill orc 6 rothes 2 rabid rats 3 giant bats 2 Kop Sergeants a monkey an orc zombie 7 dwarf zombies 2 wererats a werejackal 6 iguanas 81 killer bees 2 acid blobs 2 coyotes 4 hobbits 2 manes a large kobold 9 hobgoblins 9 giant rats 10 cave spiders a brown mold 3 yellow molds 2 red molds 71 gnomes 8 Keystone Kops 2 garter snakes 7 gnome zombies 2 geckos 13 jackals 6 kobolds 3 goblins 6 sewer rats 7 grid bugs 7 bats 6 lichens 3 kobold zombies 8 newts 842 creatures vanquished. Voluntary challenges: You went without food. You never hit with a wielded weapon. You read items or engraved 18 times. You put on armor 37 times. You never genocided any monsters. You never polymorphed an object. You never changed form. You used no wishes. You abstained from Elbereth's help. You never encountered a bones level. You never used any Sokoban shortcuts. Dungeon overview: The Dungeons of Doom: levels 1 to 21 Level 1 some fountains a long staircase Level 2 an armor shop Level 4 an altar, a fountain stairs to The Gnomish Mines Level 5 an altar, a sink Level 6 many fountains Level 7 some fountains, a sink stairs to Sokoban Level 9 stairs to Town Level 10 a fountain Level 11 a fountain Level 12 (Vault) some altars Level 13 a jewelry store, an altar to Tymora portal to The Quest Level 14 (Vault) some fountains Level 15 a fountain Level 16 a general store Level 18 some fountains Level 19 (Vault) Level 20 a fountain, a throne Level 21 <- You were here a fountain The Gnomish Mines: levels 5 to 12 Level 5 stairs to The Dungeons of Doom Level 7 some shops, some fountains, some trees Level 12 some fountains The Quest: levels 1 to 6 Level 1 an altar to Tymora, a magic chest, a sink portal to The Dungeons of Doom Level 3 a general store, a sink Sokoban: Level 6 stairs to The Dungeons of Doom Town: Level 8 stairs to The Dungeons of Doom History has recorded: On T:1 you entered the Dungeons of Doom to retrieve the Amulet of Yendor! On T:641 you reached level 2 of The Dungeons of Doom. On T:655 you advanced to experience level 2. On T:701 you advanced to experience level 3. On T:1002 you reached level 3 of The Dungeons of Doom. On T:1150 you advanced to experience level 4. On T:1337 you reached level 4 of The Dungeons of Doom. On T:1385 you advanced to experience level 5. On T:1533 you reached level 1 of The Gnomish Mines. On T:1652 you advanced to experience level 6. On T:2080 you reached level 2 of The Gnomish Mines. On T:2129 you advanced to experience level 7. On T:2537 you reached level 3 of The Gnomish Mines. On T:2745 you reached level 5 of The Dungeons of Doom. On T:3129 you advanced to experience level 8. On T:3698 you reached level 6 of The Dungeons of Doom. On T:4058 you reached level 7 of The Dungeons of Doom. On T:4258 you reached level 3 of Sokoban. On T:4644 you advanced to experience level 9. On T:5641 you reached level 8 of The Dungeons of Doom. On T:5790 you advanced to experience level 10. On T:6040 you reached level 9 of The Dungeons of Doom. On T:6098 you reached level 3 of Town. On T:6255 you reached level 10 of The Dungeons of Doom. On T:6352 you reached level 11 of The Dungeons of Doom. On T:6594 you reached level 12 of The Dungeons of Doom. On T:6775 you reached level 13 of The Dungeons of Doom. On T:7406 you reached level 1 of The Quest. On T:7846 you embarked upon an epic quest. On T:7937 you reached level 2 of The Quest. On T:7948 you advanced to experience level 11. On T:8091 you reached level 3 of The Quest. On T:8566 you reached level 4 of The Quest. On T:8776 you reached level 5 of The Quest. On T:8868 you advanced to experience level 12. On T:8900 you reached level 6 of The Quest. On T:9007 you killed Warden Arianna on level 5 of The Quest. On T:9355 you received a rustproof flail of warning from Tymora. On T:9446 you received a rustproof flail of frost from Tymora. On T:10821 you reached level 4 of The Gnomish Mines. On T:10905 you reached level 5 of The Gnomish Mines. On T:11069 you reached level 6 of The Gnomish Mines. On T:11287 you reached level 7 of The Gnomish Mines. On T:11484 you reached level 8 of The Gnomish Mines. On T:12633 you completed the quest! On T:12860 you reached level 14 of The Dungeons of Doom. On T:13102 you reached level 15 of The Dungeons of Doom. On T:13290 you reached level 16 of The Dungeons of Doom. On T:13678 you reached level 17 of The Dungeons of Doom. On T:14019 you advanced to experience level 13. On T:14031 you reached level 18 of The Dungeons of Doom. On T:14397 you reached level 19 of The Dungeons of Doom. On T:14587 you reached level 20 of The Dungeons of Doom. On T:14787 you advanced to experience level 14. On T:14941 you reached level 21 of The Dungeons of Doom. Latest messages: The cockatrice touches you! You hear the cockatrice's hissing! The cockatrice misses. The cockatrice touches you! The cockatrice just misses! (2x) The cockatrice bites! The cockatrice touches you! You hear the cockatrice's hissing! [HP-1=157] You are slowing down. [HP+1=158] Your limbs are stiffening. The cockatrice bites! The cockatrice touches you! You hear the cockatrice's hissing! [HP-1=157] Your limbs have turned to stone. [HP+1=158] You have turned to stone. The cockatrice bites! The cockatrice just misses! You are a statue. The sack is empty. Final status: Goodbye Yev-Ruu the Convict... You turned to stone in The Dungeons of Doom on dungeon level 21 with 108376 points, and 8062 pieces of gold, after 15164 moves. You were level 14 with a maximum of 158 hit points when you turned to stone.